 Dungeon Crawl Stone Soup version 0.27.1-2-g3b301248ec (webtiles) character file.

Game seed: 3598707835920647438

10244 Tinkle the Cleaver (level 11, -5/151 HPs)
             Began as a Minotaur Berserker on Sept 29, 2021.
             Was a High Priest of Trog.
             Slain by a six-headed hydra (7 damage)
             ... on level 10 of the Dungeon.
             The game lasted 00:41:08 (16924 turns).

Tinkle the Cleaver (Minotaur Berserker)            Turns: 16924, Time: 00:41:08

Health: -5/151     AC: 19    Str: 24    XL:     11   Next: 33%
Magic:  10/10      EV:  8    Int: 10    God:    Trog [*****.]
Gold:   1246       SH:  4    Dex: 11    Spells: 10/10 levels left

rFire    . . .     SeeInvis .   a - +2 hand axe (flame)
rCold    . . .     Faith    .   z - +0 buckler
rNeg     + . .     Spirit   .   d - +2 plate armour {rN+}
rPois    +         Reflect  .   (helmet restricted)
rElec    .         Harm     .   (no cloak)
rCorr    .         Rampage  .   j - +0 pair of gloves
Will     .....                  e - +0 pair of boots
Stlth    ..........             (no amulet)
HPRegen  0.35/turn              k - +6 ring of intelligence
MPRegen  0.12/turn              G - ring of poison resistance

@: berserking, very quick
A: horns 2, retaliatory headbutt
a: Renounce Religion, Berserk, Trog's Hand, Brothers in Arms


You were on level 10 of the Dungeon.
You worshipped Trog.
Trog was extremely pleased with you.
You visited 2 branches of the dungeon, and saw 11 of its levels.

You collected 1246 gold pieces.

Inventory:

Hand Weapons
 a - a +2 hand axe of flaming (weapon)
 m - a +0 war axe
 D - a +6 whip
Missiles
 o - 56 poisoned darts (quivered)
 B - 2 throwing nets
 N - 8 curare-tipped darts
Armour
 b - a scarf of shadows
 d - a +2 plate armour of positive energy (worn)
 e - a +0 pair of boots (worn)
 j - a +0 pair of gloves (worn)
 z - a +0 buckler (worn)
Jewellery
 k - a +6 ring of intelligence (left hand)
 G - a ring of poison resistance (right hand)
Wands
 J - a wand of flame (21)
 L - a wand of paralysis (16)
Scrolls
 f - a scroll of enchant weapon
 p - a scroll of amnesia
 q - 2 scrolls of magic mapping {unknown}
 t - a scroll of brand weapon
 v - a scroll of fog {unknown}
 x - a scroll of vulnerability {unknown}
 y - a scroll of silence {unknown}
 A - a scroll of fear {unknown}
 C - 2 scrolls of enchant armour {unknown}
 F - 3 scrolls of teleportation {unknown}
 H - a scroll of noise {unknown}
 I - a scroll of holy word {unknown}
 M - a scroll of blinking {unknown}
 O - 3 scrolls of identify
Potions
 c - a potion of haste
 g - a potion of flight
 h - a potion of might
 i - a potion of berserk rage
 l - a potion of brilliance
 n - 2 potions of lignification
 r - 3 potions of attraction
 s - a potion of heal wounds {unknown}
 u - 3 potions of degeneration
 w - a potion of resistance {unknown}
 E - 2 potions of mutation
 K - a potion of cancellation {unknown}


   Skills:
 + Level 10.8 Fighting
 - Level 14.0 Axes
 - Level 10.0 Armour
 - Level 2.1 Dodging
 - Level 4.0 Shields
 - Level 5.0 Evocations


You had 10 spell levels left.
You didn't know any spells.
Your spell library was empty.

Dungeon Overview and Level Annotations

Branches:
Dungeon (10/15)            Temple (0/1) D:6            Lair (1/6) D:10
    Orc (0/2) D:9

Altars:
Ashenzari
Elyvilon
Fedhas
Nemelex Xobeh
Qazlal
Ru
Sif Muna
Trog
Uskayaw
Wu Jian
Yredelemnul
Zin

Shops:
D:1 *=[:(   D:7 *

Annotations:
D:7 1 runed translucent door, pentaflop's ghost, novice DsFE


Innate Abilities, Weirdness & Mutations

You have a pair of horns on your head.
You reflexively headbutt those who attack you in melee.


Message History

Aiming: Throw Flame
Press: ? - help, Shift-Dir - straight line, f - eight-headed hydra
Aim: an eight-headed hydra (91% to hit)
The puff of flame hits the eight-headed hydra.
The eight-headed hydra is lightly wounded.
The blink frog blinks!
The eight-headed hydra bites you.
* * * LOW HITPOINT WARNING * * *
The eight-headed hydra bites you but does no damage.
The eight-headed hydra bites you.
* * * LOW HITPOINT WARNING * * *
The eight-headed hydra bites you but does no damage. x3
The eight-headed hydra barely misses you.
You block the eight-headed hydra's attack.
A red film seems to cover your vision as you go berserk!
You feel yourself moving faster!
You feel mighty!
You block the eight-headed hydra's attack. x2
The eight-headed hydra bites you.
* * * LOW HITPOINT WARNING * * *
The eight-headed hydra bites you!
* * * LOW HITPOINT WARNING * * *
The eight-headed hydra bites you but does no damage. x2
The eight-headed hydra bites you.
* * * LOW HITPOINT WARNING * * *
The eight-headed hydra bites you but does no damage.
Your plate armour prevents you from hitting the eight-headed hydra.
You headbutt the eight-headed hydra!
The eight-headed hydra is lightly wounded.
You hack one of the eight-headed hydra's heads off!
The flame cauterises the wound!
You slash the seven-headed hydra! You burn the seven-headed hydra.
The seven-headed hydra is moderately wounded.
You slice one of the seven-headed hydra's heads off!
The flame cauterises the wound!
You slash the six-headed hydra! You burn the six-headed hydra.
You headbutt the six-headed hydra!
The six-headed hydra is severely wounded.
The six-headed hydra bites you.
* * * LOW HITPOINT WARNING * * *
The six-headed hydra bites you but does no damage. x2
The six-headed hydra bites you!
You die...

.........#.........#####.#
.........#...............#
.........#...............#
.........#......P........##
.........#...P.P..P.......#
##########..P.P.....PP....#
...............P.PPP......#
..........P...####........#
.........P.P..#.@#P.PP....###
.######...P...#§D#....P.....#
.# #.......#'##.P.P....### .#
#...P.P.....P.P.....# .#
#....P.P............# .#
#.......P...........# .#
#........P..........# .#
#...................# ##
#...................#####


You could see a six-headed hydra.

Vanquished Creatures
  A hydra (Lair:1)
  A two-headed ogre (D:10)
  Joseph (D:8)
  2 cane toads (Lair:1)
  3 komodo dragons
  2 trolls
  A meliai zombie (D:10)
  2 shadows
  A wyvern (D:7)
  8 yaks
  A wraith (D:8)
  3 water moccasins
  An acid dragon (D:9)
  5 orc warriors
  6 necrophages
  2 black bears
  An ogre (D:6)
  3 centaurs
  A phantom (D:8)
  7 bullfrogs
  A gnoll sergeant (D:6)
  2 kobold brigands
  3 scorpions
  4 troll zombies (D:9)
  A wyvern skeleton (D:7)
  6 killer bees (D:10)
  A water moccasin skeleton (D:5)
  16 wights
  2 howler monkeys
  2 centaur zombies (D:8)
  2 bullfrog skeletons (D:6)
  An orc priest (D:8)
  3 hounds
  A jelly (D:5)
  A human zombie (D:8)
  4 orc wizards
  3 iguanas
  A killer bee zombie (D:8)
  4 ogre zombies (D:9)
  A howler monkey zombie (D:9)
  9 gnolls
  A howler monkey skeleton (D:3)
  9 adders
  A shadow imp (D:7)
  A white imp (D:7)
  An ufetubus (D:5)
  An adder skeleton (D:4)
  4 worms
  4 dart slugs
  20 orcs
  4 bats
  7 endoplasms
  5 giant cockroaches
  7 goblins
  6 hobgoblins
  3 jackals (D:4)
  14 kobolds
  6 quokkas
  5 ball pythons
  4 frilled lizards
  A goblin skeleton (D:9)
  2 goblin zombies (D:9)
  2 hobgoblin skeletons (D:9)
  3 hobgoblin zombies (D:9)
  An orc skeleton (D:9)
  16 orc zombies (D:9)
  4 rats
252 creatures vanquished.

Vanquished Creatures (others)
  12 fungi (D:10)
  32 plants
  2 withered plants (D:7)
46 creatures vanquished.

Grand Total: 298 creatures vanquished

Notes
Turn   | Place    | Note
-------+----------+-------------------------------------------
     0 | D:1      | Tinkle the Minotaur Berserker began the quest for the Orb.
     0 | D:1      | Reached XP level 1. HP: 19/19 MP: 0/0
    37 | D:1      | Found Pufoxt's Antique Armour Shop.
   490 | D:1      | Found Anwau's Book Shop.
   567 | D:1      | Reached skill level 4 in Axes
   567 | D:1      | Reached XP level 2. HP: 27/27 MP: 1/1
   599 | D:1      | Found Urchim's Weapon Shop.
   937 | D:1      | Found Vifayh's General Store.
  1000 | D:1      | Found Fiz Paf's Jewellery Emporium.
  1139 | D:1      | Reached XP level 3. HP: 33/34 MP: 2/2
  2158 | D:2      | Found a glowing silver altar of Zin.
  2210 | D:2      | Found a faded altar of an unknown god.
  2928 | D:2      | Reached XP level 4. HP: 41/41 MP: 3/3
  2999 | D:2      | Reached skill level 5 in Fighting
  2999 | D:2      | Reached skill level 5 in Axes
  3083 | D:3      | Reached ** piety under Trog
  3639 | D:3      | Reached skill level 6 in Axes
  3639 | D:3      | Reached XP level 5. HP: 46/48 MP: 4/4
  4317 | D:4      | Found a white marble altar of Elyvilon.
  4629 | D:4      | Noticed a black bear
  4655 | D:4      | Killed a black bear
  4656 | D:4      | Reached skill level 7 in Axes
  4656 | D:4      | Reached XP level 6. HP: 24/56 MP: 5/5
  5383 | D:4      | Found an ornate altar of the Wu Jian Council.
  5486 | D:4      | Reached skill level 8 in Axes
  5710 | D:5      | Entered Level 5 of the Dungeon
  6259 | D:5      | Reached *** piety under Trog
  6260 | D:5      | Reached skill level 9 in Axes
  6260 | D:5      | Reached XP level 7. HP: 61/61 MP: 6/6
  6385 | D:5      | Found a stormy altar of Qazlal.
  6472 | D:5      | Reached skill level 10 in Axes
  6648 | D:6      | Reached skill level 1 in Shields
  6648 | D:6      | Found a staircase to the Ecumenical Temple.
  6705 | D:6      | Identified a scroll of acquirement
  6705 | D:6      | Acquired 683 gold pieces
  6737 | D:6      | Reached XP level 8. HP: 68/68 MP: 7/7
  6932 | D:6      | Reached skill level 11 in Axes
  7671 | D:6      | Found a glowing silver altar of Zin.
  7826 | D:7      | Found a runed translucent door.
  8174 | D:7      | Reached skill level 12 in Axes
  8303 | D:7      | Found Ybemem's Gadget Gallery.
  8492 | D:7      | Noticed pentaflop's ghost (novice DsFE)
  8506 | D:7      | Found a sparkling altar of Nemelex Xobeh.
  8869 | D:7      | Found a blossoming altar of Fedhas.
  9108 | D:8      | Found a broken altar of Ashenzari.
  9201 | D:8      | Reached skill level 13 in Axes
  9201 | D:8      | Reached XP level 9. HP: 69/74 MP: 8/8
  9288 | D:8      | Found a shimmering blue altar of Sif Muna.
  9345 | D:8      | Noticed a komodo dragon
  9355 | D:8      | Killed a komodo dragon
  9560 | D:8      | Found a bloodstained altar of Trog.
  9593 | D:8      | Found a hide-covered altar of Uskayaw.
  9686 | D:8      | Reached skill level 14 in Axes
  9686 | D:8      | Found a basalt altar of Yredelemnul.
  9733 | D:8      | Reached **** piety under Trog
 10104 | D:9      | Noticed Joseph
 10106 | D:9      | Found a staircase to the Orcish Mines.
 10128 | D:8      | Killed Joseph
 10601 | D:8      | Reached XP level 10. HP: 65/91 MP: 9/9
 11300 | D:9      | Reached skill level 10 in Fighting
 11395 | D:9      | Reached ***** piety under Trog
 11401 | D:9      | Reached skill level 1 in Evocations
 12264 | D:9      | Found a sacrificial altar of Ru.
 12341 | D:10     | Entered Level 10 of the Dungeon
 12357 | D:10     | Reached skill level 5 in Armour
 12365 | D:10     | Found a staircase to the Lair.
 13239 | D:10     | Noticed a two-headed ogre
 13263 | D:10     | Killed a two-headed ogre
 13264 | D:10     | Reached skill level 5 in Evocations
 14234 | Lair:1   | Entered Level 1 of the Lair of Beasts
 14252 | Lair:1   | Reached XP level 11. HP: 82/99 MP: 10/10
 14560 | Lair:1   | Noticed an eight-headed hydra
 14669 | Lair:1   | Killed a four-headed hydra
 15129 | Lair:1   | Reached skill level 10 in Armour
 15962 | Lair:1   | Noticed an eight-headed hydra
 16921 | D:10     | HP: 6/151 [eight-headed hydra (7)]
 16924 | D:10     | HP: 2/151 [six-headed hydra (4)]
 16924 | D:10     | Slain by a six-headed hydra

Illustrated notes

Levels and vault maps discovered:
D:1:      amcnicky_arrival_abandoned_market, layout_basic, serial_shops,
          nicolae_shop_stone, nicolae_shop_crystal, nicolae_shop_waterfront,
          shop_statue, shop, chequers_serial_rivers_micro_b,
          minmay_misc_feat_four_crosses
D:2:      layout_basic, basic_altar,
          dreamdust_ecumenical_altar_angels_and_demons, serial_aquarium,
          aquarium_bridge_square [aquarium_subvault_bridge,
          aquarium_subvault_wall, aquarium_subvault_balcony,
          aquarium_subvault_bridge], aquarium_window_corridor_3,
          aquarium_window_fake, aquarium_window_corner, aquarium_window_1,
          aquarium_view_2c, aquarium_view_2e, aquarium_balcony_double_1,
          aquarium_pool_2, minmay_liquid_box
D:3:      layout_loops_corners, lightli_corner_chamber
D:4:      layout_cave_pools, pdpol_wu_jian_five_deadly_venoms, elyvilon_altar_1
D:5:      layout_cave_pools, mainiacjoe_overflow_small_starburst
D:6:      layout_rooms, zin_scriptorium, minmay_temple_entry_glass
D:7:      layout_loops_ring, kennysheep_mini_moat, fedhas_altar_1,
          gammafunk_ghost_grave, nicolae_shop_gadgets
D:8:      layout_rooms, lemuel_mausoleum_altar_yredelemnul,
          mainiacjoe_overflow_cross_hatched, led_sif_pool,
          mainiacjoe_overflow_two_lobes, columned_hall_lemuel
D:9:      layout_cave_pools, nicolae_ru_great_annihilating_truth,
          zombieorc2_lemuel, abandoned_shop, uniq_joseph
D:10:     layout_irregular_city, grunt_lair_entry_orc_guard_hut, enter_bailey_5
Lair:1:   layout_cave_pods, serial_bayou_pond_c, lemuel_fruit_tree,
          lemuel_fruit_fields

Skill      XL: |  1  2  3  4  5  6  7  8  9 10 11 |
---------------+----------------------------------+-----
Fighting       | 4 5 9 10 | 10.8
Axes           | 4 6 7 9 10 13 14 | 14.0
Shields        | 3 4 |  4.0
Armour         | 8 10 | 10.0
Evocations     | 5 |  5.0
Dodging        | |  2.1

Action                   |  1- 3 |  4- 6 |  7- 9 | 10-12 || total
-------------------------+-------+-------+-------+-------++-------
Melee: Hand axe          |    69 |   137 |   290 |   295 ||   791
       Headbutt          |     6 |    31 |    69 |    79 ||   185
Throw: Dart              |       |     7 |     9 |     5 ||    21
Invok: Berserk           |     1 |       |     3 |     5 ||     9
Evoke: Wand              |       |       |       |     1 ||     1
  Use: Scroll            |       |       |    12 |     3 ||    15
 Stab: Sleeping          |     1 |       |       |       ||     1
       Paralysed         |       |       |       |     1 ||     1
Armor: Animal skin       |    13 |     6 |       |       ||    19
       Scale mail        |       |    47 |    28 |       ||    75
       Plate armour      |       |       |   103 |   151 ||   254
Dodge: Dodged            |    32 |    76 |    84 |   100 ||   292
Block: Buckler           |       |       |    43 |    45 ||    88
